 Dungeon Crawl Stone Soup version 0.29.0 (webtiles) character file.

Game seed: 750702127241807948

6251 samcosmo the Geomancer (level 10, 0/50 HPs)
             Began as a Deep Elf Earth Elementalist on Sept 10, 2022.
             Was a Believer of Vehumet.
             Killed from afar by a steam dragon (12 damage)
             ... with a ball of steam
             ... on level 9 of the Dungeon.
             The game lasted 00:39:12 (9988 turns).

samcosmo the Geomancer (DEEE)                       Turns: 9988, Time: 00:39:13

Health: 0/50       AC:  5    Str: 10    XL:     10   Next: 62%
Magic:  5/26       EV: 13    Int: 25    God:    Vehumet [**....]
Gold:   284        SH:  0    Dex: 21    Spells: 11/29 levels left

rFire   . . .      SeeInvis .   D - +1 trident (vamp)
rCold   + . .      Faith    .   (no shield)
rNeg    . . .      Spirit   .   a - +0 robe
rPois   .          Reflect  .   E - +1 helmet
rElec   .          Harm     +   (no cloak)
rCorr   +          Rampage  .   (no gloves)
Will    +++..                   w - +0 pair of boots of the Blizzard {Will++ rCorr Str+5}
Stlth   ++........              t - amulet "Ismaserph" {RegenMP Harm}
HPRegen 0.16/turn               x - ring of protection from cold
MPRegen 0.60/turn               C - +6 ring of dexterity

@: lethally poisoned (0 -> -10), swift, very quick
A: no striking features
a: Renounce Religion


You were on level 9 of the Dungeon.
You worshipped Vehumet.
Vehumet was pleased with you.
You visited 2 branches of the dungeon, and saw 10 of its levels.

You collected 559 gold pieces.
You spent 275 gold pieces at shops.

Inventory:

Hand Weapons
 u - a +2 short sword of electrocution
 D - a +1 vampiric trident (weapon)
Missiles
 I - a throwing net
Armour
 a - a +0 robe (worn)
 w - the +0 pair of boots of the Blizzard (worn) {Will++ rCorr Str+5}
   (You bought it in a shop on level 3 of the Dungeon)

   Str:       It affects your strength (+5).
   rCorr:     It protects you from acid and corrosion.
   Will:      It greatly increases your willpower.
 E - a +1 helmet (worn)
Jewellery
 t - the amulet "Ismaserph" (around neck) {RegenMP Harm}
   (You acquired it on level 9 of the Dungeon)

   [amulet of magic regeneration]

   It increases your rate of magic regeneration.
   Harm:      It increases damage dealt and taken.
 x - a ring of protection from cold (left hand)
 y - a ring of protection from cold
 A - an amulet of faith
 C - a +6 ring of dexterity (right hand)
Wands
 k - a wand of polymorph (9)
 m - a wand of iceblast (13)
 v - a wand of flame (23)
 z - a wand of charming (10)
 G - a wand of mindburst (10)
Scrolls
 c - 3 scrolls of immolation
 h - 2 scrolls of fog
 i - 2 scrolls of amnesia
 n - a scroll of blinking
 q - a scroll of enchant armour
 r - 6 scrolls of teleportation
 s - a scroll of magic mapping
Potions
 b - a potion of magic
 d - a potion of invisibility
 e - 4 potions of might
 f - 2 potions of flight
 g - 2 potions of mutation
 j - 2 potions of curing
 l - a potion of cancellation
 o - 2 potions of lignification
 p - 2 potions of heal wounds
 B - 2 potions of resistance
 F - a potion of haste {unknown}
 H - a potion of degeneration {unknown}


   Skills:
 - Level 2.4 Dodging
 - Level 2.4 Stealth
 - Level 10.0 Spellcasting
 * Level 9.8 Conjurations
 - Level 1.1 Transmutations
 - Level 6.4 Air Magic
 + Level 10.7 Earth Magic


You had 11 spell levels left.
You knew the following spells:

 Your Spells              Type           Power      Damage    Failure   Level
a - Sandblast             Erth           100%       2d20      1%          1
b - Swiftness             Air            44%        N/A       1%          3
c - Stone Arrow           Conj/Erth      100%       3d13      1%          3
d - Airstrike             Air            22%        2d(4-20)  3%          4
e - Passwall              Tmut/Erth      35%        N/A       1%          2
f - Poisonous Vapours     Pois/Air       56%        N/A       1%          2
g - Mephitic Cloud        Conj/Pois/Air  39%        N/A       1%          3

Your spell library contained the following spells:

 Spells                   Type           Power      Damage    Failure   Level
 Shock                    Conj/Air       100%       1d9       1%          1
 Static Discharge         Conj/Air       52%        3-10/arc  1%          2
 Apportation              Tloc           24%        N/A       4%          1
 Necrotise                Necr           48%        1d6       4%          1
 Summon Small Mammal      Summ           48%        N/A       4%          1
 Petrify                  Tmut/Erth      42%        N/A       4%          4
 Animate Armour           Summ/Erth      78%        N/A       5%          4
 Sticky Flame             Conj/Fire      37%        2d6       6%          4
 Dispel Undead            Necr           12%        3d9       43%         4
 Lehudib's Crystal Spear  Conj/Erth      29%        10d8      99%         8


Dungeon Overview and Level Annotations

Branches:
Dungeon (9/15)             Temple (1/1) D:4            Lair (0/5) D:9
    Orc: D:9-12

Altars:
Ashenzari
Cheibriados
Dithmenos
Elyvilon
Fedhas
Gozag
Hepliaklqana
Kikubaaqudgha
Makhleb
Nemelex Xobeh
Okawaru
Qazlal
Ru
Sif Muna
Trog
Uskayaw
Vehumet
Wu Jian
Xom
Yredelemnul
Zin
The Shining One

Shops:
D:3 [

Annotations:
D:9 2 exclusions


Message History

The killer bee completely misses the killer bee.
The killer bee closely misses you.
The yak is engulfed in noxious fumes.
The yak appears confused.
The yak gores the hobgoblin!
The hobgoblin is killed!
Vehumet accepts your kill.
You hear a splash.
The yak gores itself!
Why would you want to do that?
The killer bee completely misses the killer bee.
The killer bee stings itself.
The killer bee is engulfed in noxious fumes.
The killer bee appears confused.
The killer bee completely misses you.
The killer bee is engulfed in noxious fumes.
The killer bee appears confused.
The killer bee stings you!
You are poisoned.
The killer bee poisons you! The killer bee stings you!
You are more poisoned.
The killer bee poisons you!
The yak is engulfed in noxious fumes.
The killer bee stings you but does no damage.
The yak is engulfed in noxious fumes.
The yak appears confused.
You feel better. The killer bee barely misses you.
A goblin comes into view. It is wielding a +0 spear.
The yak is engulfed in noxious fumes.
The yak appears confused.
A steam dragon comes into view.
The killer bee completely misses you.
The hobgoblin hits you from afar with a +0 spear.
Casting: Mephitic Cloud (safe; 1% risk of failure)
Confirm with . or Enter, or press ? or * to list all spells.
You feel quick. The killer bee stings you.
A goblin comes into view. It is wielding a +0 spear.
The killer bee stings you!
* * * LOW HITPOINT WARNING * * *
You are poisoned.
The killer bee poisons you!
The killer bee is engulfed in noxious fumes.
The killer bee appears confused.
The killer bee stings the hobgoblin.
The hobgoblin closely misses you. The steam dragon breathes steam at you.
The ball of steam hits you!
You die...

.....).....##.~# ..............≈#
# ...........#..~# g#
...........##.~# ..#
...........##.~# D..#
...........##.~# §...#
...........##.~####°°...#
..............~~≈§§○Y...###......
................@y.○.............
.......###.####..Yg)y............
.......###.# #....y............$
~..........# #..................
.~.~....~..# #..................
~~~~.$~....# #$.................
≈~~≈≈≈~....# #.......g.....)....
..~~≈≈.....# #..................
.~..≈~~....# #..................


You could see 2 yaks, 3 killer bees, a hobgoblin and a goblin.

Vanquished Creatures
  A boulder beetle (D:9)
  Pikel (D:4)
  A troll (D:9)
  10 yaks
  Sigmund (D:6)
  A shadow (D:9)
  A wraith (D:9)
  A wyvern (D:7)
  Menkaure (D:5)
  A water moccasin (D:8)
  3 sky beasts
  2 ice beasts
  An orc warrior (D:9)
  2 ogres (D:4)
  2 wolves (D:9)
  2 lemures (D:4)
  A bullfrog (D:7)
  A kobold brigand (D:8)
  A scorpion (D:5)
  A gnoll sergeant (D:8)
  2 necrophages (D:6)
  5 killer bees
  2 howler monkeys (D:9)
  An electric eel (D:8)
  5 hounds
  3 jellies
  6 orc priests
  A gnoll bouda (D:7)
  2 iguanas
  11 orc wizards
  7 gnolls
  12 adders
  A shadow imp (D:7)
  3 white imps
  A worm (D:3)
  3 dart slugs
  35 orcs
  7 ball pythons
  4 endoplasms
  2 giant cockroaches (D:4)
  7 goblins
  11 hobgoblins
  7 jackals
  2 quokkas (D:1)
  6 bats
  5 frilled lizards
  15 kobolds
  5 rats (D:1)
206 creatures vanquished.

Vanquished Creatures (others)
  An orc (D:3)
  A plant (D:1)
2 creatures vanquished.

Grand Total: 208 creatures vanquished

Notes
Turn   | Place    | Note
-------+----------+-------------------------------------------
     0 | D:1      | samcosmo the Deep Elf Earth Elementalist began the quest
                  | for the Orb.
     0 | D:1      | Reached XP level 1. HP: 10/10 MP: 6/6
   169 | D:1      | Reached XP level 2. HP: 15/15 MP: 5/8
   718 | D:1      | Found a faded altar of an unknown god.
   723 | D:1      | Reached XP level 3. HP: 19/19 MP: 7/10
  1257 | D:2      | Reached XP level 4. HP: 16/24 MP: 8/12
  1915 | D:3      | Reached skill level 5 in Earth Magic
  1991 | D:3      | Found a sacrificial altar of Ru.
  2034 | D:3      | Found a stormy altar of Qazlal.
  2277 | D:3      | Learned a level 3 spell: Swiftness
  2281 | D:3      | Learned a level 3 spell: Stone Arrow
  2494 | D:3      | Found a radiant altar of Vehumet.
  2510 | D:3      | Became a worshipper of Vehumet
  2542 | D:3      | Found a white marble altar of Elyvilon.
  2820 | D:3      | Found Cupteref's Antique Armour Emporium.
  2839 | D:3      | Bought a pair of pitted boots for 275 gold pieces
  2839 | D:3      | Identified the +0 pair of boots of the Blizzard {Will++
                  | rCorr Str+5} (You bought it in a shop on level 3 of the
                  | Dungeon)
  2905 | D:3      | Reached XP level 5. HP: 28/28 MP: 10/14
  3392 | D:4      | Noticed an ogre
  3416 | D:4      | Found a staircase to the Ecumenical Temple.
  3424 | Temple   | Entered the Ecumenical Temple
  3623 | D:4      | Noticed a lemure
  3647 | D:4      | Killed an ogre
  3648 | D:4      | Reached skill level 5 in Spellcasting
  3648 | D:4      | Reached skill level 1 in Air Magic
  3648 | D:4      | Reached XP level 6. HP: 32/32 MP: 8/15
  3759 | D:4      | Found a shimmering blue altar of Sif Muna.
  3933 | D:4      | Reached * piety under Vehumet
  3933 | D:4      | Offered knowledge of Foxfire by Vehumet.
  4177 | D:4      | Noticed Pikel
  4314 | D:4      | Killed Pikel
  4315 | D:4      | Reached XP level 7. HP: 27/36 MP: 3/16
  4684 | D:4      | Learned a level 4 spell: Airstrike
  4687 | D:4      | Learned a level 2 spell: Passwall
  4714 | D:5      | Entered Level 5 of the Dungeon
  4785 | D:5      | Noticed Menkaure
  4798 | D:5      | Reached XP level 8. HP: 41/41 MP: 4/17
  5651 | D:5      | Killed Menkaure
  6009 | D:6      | Noticed Sigmund
  6011 | D:6      | Reached skill level 5 in Air Magic
  6015 | D:6      | Killed Sigmund
  6391 | D:6      | Found a shadowy altar of Dithmenos.
  6413 | D:6      | You fall into a shaft and drop 2 floors!
  6419 | D:8      | Reached skill level 5 in Conjurations
  6557 | D:8      | Offered knowledge of Poisonous Vapours by Vehumet.
  6561 | D:8      | Learned a level 2 spell: Poisonous Vapours
  6562 | D:8      | Reached ** piety under Vehumet
  6825 | D:7      | Reached XP level 9. HP: 45/45 MP: 15/18
  7438 | D:7      | Found an ornate altar of the Wu Jian Council.
  7692 | D:8      | Offered knowledge of Mephitic Cloud by Vehumet.
  7700 | D:8      | Learned a level 3 spell: Mephitic Cloud
  8113 | D:8      | Reached *** piety under Vehumet
  8114 | D:8      | Reached skill level 10 in Spellcasting
  8517 | D:9      | Identified a scroll of acquirement
  8517 | D:9      | Acquired the amulet "Ismaserph" {RegenMP Harm}
  8697 | D:8      | HP: 2/45 [killer bee (4)]
  8704 | D:8      | HP: 2/45 [poisoned by a killer bee]
  9312 | D:9      | Reached XP level 10. HP: 50/50 MP: 19/26
  9380 | D:9      | Found a bloodstained altar of Trog.
  9592 | D:9      | Noticed a boulder beetle
  9600 | D:9      | Killed a boulder beetle
  9601 | D:9      | Reached skill level 10 in Earth Magic
  9945 | D:9      | Found a staircase to the Lair.
  9988 | D:9      | Killed from afar by a steam dragon

Illustrated notes

Levels and vault maps discovered:
D:1:      tarquinn_simple_flora_water_d, layout_loops_ring,
          chequers_ecumenical_altar_lobes, chequers_serial_rivers_micro_b,
          grunt_decor_one_mirror, palyth_stone_intersect
D:2:      layout_rooms, mrwooster_statue_mirror
D:3:      layout_basic, amcnicky_altar_gilded, nicolae_vehumet_radiance,
          mainiacjoe_overflow_brackets, elyvilon_altar_4, serial_shops, shop,
          lightli_corner_chamber
D:4:      layout_loops_ring, nicolae_sif_muna_little_library,
          minmay_temple_entry_tees, grunt_ministairs_6, uniq_pikel
D:5:      layout_basic, corexii_checkpoint_a, uniq_menkaure
D:6:      layout_rooms, kennysheep_mini, uniq_sigmund
D:7:      layout_basic, marbit_many_paths
D:8:      layout_rooms, minmay_misc_feat_four_crosses, nicolae_water_bricks
D:9:      layout_long_grid, trog_wizard, erik_lair_island, enter_bailey_4
Temple:   nicolae_temple_bog_church

Skill      XL: |  1  2  3  4  5  6  7  8  9 10 |
---------------+-------------------------------+-----
Earth Magic    | 4 5 6 7 8 9 10 | 10.7
Spellcasting   | 4 5 10 | 10.0
Air Magic      | 1 3 4 6 |  6.4
Conjurations   | 2 3 5 7 9 |  9.8
Dodging        | |  2.4
Stealth        | |  2.4
Transmutations | |  1.1

Action                   |  1- 3 |  4- 6 |  7- 9 | 10-12 || total
-------------------------+-------+-------+-------+-------++-------
 Cast: Sandblast         |    44 |    73 |    86 |    20 ||   223
       Stone Arrow       |       |     8 |    42 |    30 ||    80
       Swiftness         |       |     1 |     2 |     1 ||     4
       Passwall          |       |       |     3 |       ||     3
       Airstrike         |       |       |    12 |     3 ||    15
       Mephitic Cloud    |       |       |       |     1 ||     1
  Use: Scroll            |       |    15 |     7 |       ||    22
       Potion            |       |       |     2 |     1 ||     3
Armor: Robe              |     2 |     3 |    12 |     6 ||    23
Dodge: Dodged            |     2 |    15 |    39 |    15 ||    71
